 Dungeon Crawl Stone Soup version 0.32-a0-12-g7fc57aa741 (webtiles) character file.

Game seed: 1003407404294332863

27 dialectric the Ruffian (level 2, -3/27 HPs)
             Began as a Troll Shapeshifter on Jan 14, 2024.
             Slain by a gnoll
             ... wielding a +0 whip
              (8 damage)
             ... on level 2 of the Dungeon.
             The game lasted 00:00:36 (1037 turns).

dialectric the Ruffian (Troll Shapeshifter)         Turns: 1037, Time: 00:00:36

Health: -3/27      AC:  4    Str: 21    XL:     2   Next: 93%
Magic:  1/1        EV:  9    Int:  6    God:
Gold:   58         SH:  0    Dex:  9    Spells: 1/1 levels left

rFire   . .          .
                       - Unarmed
rCold   . . .        (no shield)
rNeg    . . .        a - +0 animal skin
rPois   .            (helmet currently unavailable)
rElec   .            (cloak currently unavailable)
rCorr   .            (gloves unavailable)
SInv    .            (boots unavailable)
Will    .....        (no amulet)
Stlth   +            (no ring)
HPRegen 1.04/turn    (no ring)
MPRegen 0.07/turn

%: no passive effects
@: beast-form
A: beast (slay +1), large, unfitting armour, claws 3, regeneration 1, shaggy fur
1, tough skin 1
a: Begin Untransformation


You were on level 2 of the Dungeon.
You were a hulking beast.
You visited 1 branch of the dungeon, and saw 2 of its levels.

You collected 58 gold pieces.

Inventory:

Armour
 a - a +0 animal skin (worn)
Talismans
 c - a beast talisman
 d - a flux talisman
Scrolls
 e - a scroll of enchant weapon {unknown}
 f - a scroll of revelation {unknown}
 g - 2 scrolls of brand weapon {unknown}
Potions
 b - 2 potions of lignification
 h - 2 potions of ambrosia {unknown}
 i - 2 potions of might {unknown}
 j - a potion of berserk rage {unknown}
 k - a potion of heal wounds {unknown}
 l - a potion of cancellation {unknown}


   Skills:
 + Level 1.3 Fighting
 + Level 1.9 Dodging
 + Level 3.3 Unarmed Combat
 + Level 3.2 Shapeshifting


You had one spell level left.
You didn't know any spells.
Your spell library was empty.

Dungeon Overview and Level Annotations

Branches:
Dungeon (2/15)

Altars:


Innate Abilities, Weirdness & Mutations

You are a hulking beast.
Your limbs bulge with bestial killing power. (Slay +1)
You are too large for most types of armour.
You have claws for hands.
Your natural rate of healing is unusually fast.
You are covered in fur. (AC +1)
You have tough skin. (AC +1)


Message History

A goblin comes into view. It is wielding a +0 dagger.
There is an open door here.
A goblin is nearby!
The goblin barely misses you.
You scratch the goblin.
You kill the goblin!
No target in view!
No target in view!
Okay, then.
There is an open door here.
There is an open door here.
A frilled lizard comes into view.
Found a stone staircase leading down.
The frilled lizard hisses angrily.
A frilled lizard is nearby!
A frilled lizard is nearby!
A frilled lizard is nearby!
You scratch the frilled lizard.
You kill the frilled lizard!
No target in view!
No target in view!
b - 2 potions of lignification (gained 1)
l - a viscous golden potion 2 gnolls come into view.
The gnoll shouts! x2
A gnoll comes into view. It is wielding a +1 halberd of pain.
Found a cloak, 13 gold pieces and a scroll labelled FUCZAC KUWO.
There are monsters nearby!
There are monsters nearby!
The gnoll hits you with a +0 whip.
The gnoll hits you from afar with a +1 halberd of pain.
There are monsters nearby!
You closely miss the gnoll. The gnoll hits you with a +0 whip.
The gnoll hits you from afar with a +1 halberd of pain!
* * * LOW HITPOINT WARNING * * *
The gnoll attacks as it pursues you! The gnoll hits you with a +0 whip.
* * * LOW HITPOINT WARNING * * *
The gnoll attacks as it pursues you! The gnoll barely misses you.
The gnoll attacks as it pursues you! The gnoll hits you with a +0 whip!
You die...

#.......# #.......#
#.......# #.......#
#[......# #########+###
#.......###...........#
+......g..............#
#.....gg..............#
####..#.h..........†..#
.....................#
.......#......##....#####
........#..###.##........#
........#... ..##..#####.#
........####.......# #.#
...... .#.....# #.# ?$..
#..>##### #.#
############## #.#


You could see 3 gnolls.

Vanquished Creatures
  2 ball pythons (D:1)
  3 endoplasms (D:1)
  2 giant cockroaches (D:1)
  2 goblins
  4 hobgoblins (D:1)
  A quokka (D:1)
  2 frilled lizards
  4 kobolds (D:1)
  4 rats (D:1)
24 creatures vanquished.

Notes
Turn   | Place    | Note
-------+----------+-------------------------------------------
     0 | D:1      | dialectric the Troll Shapeshifter began the quest for the
                  | Orb.
     0 | D:1      | Reached XP level 1. HP: 18/18 MP: 0/0
   145 | D:1      | Reached skill level 1 in Fighting
   247 | D:1      | Reached XP level 2. HP: 27/27 MP: 1/1
  1037 | D:2      | Slain by a gnoll

Illustrated notes

Levels and vault maps discovered:
D:1:      mainiacjoe_arrival_reflecting_pool, layout_basic
D:2:      layout_basic, uniq_natasha, uniq_sigmund, uniq_jessica

Skill      XL: |  1 |
---------------+----+-----
Fighting       | 1 |  1.3
Dodging        | |  1.9
Unarmed Combat | |  3.3
Shapeshifting  | |  3.2

Action                     || total
---------------------------++-------
  Melee: Unarmed           ||    41
 Armour: Animal skin       ||    27
  Dodge: Dodged            ||    21

Table legend: (Time is in decaauts)
 A = Elapsed time spent in this place.
 B = Non-inter-level travel time spent in this place.
 C = Inter-level travel time spent in this place.
 D = Time resting spent in this place.
 E = Time spent auto-exploring this place.
 F = Levels seen in this place.
 G = Mean time per level.
                   A        B        C        D        E       F      G
               +--------+--------+--------+--------+--------+-----+--------+
         Total |   1034 |   1034 |      0 |      0 |    915 |   2 |  517.0 |
       Dungeon |   1034 |   1034 |      0 |      0 |    915 |   2 |  517.0 |
               +--------+--------+--------+--------+--------+-----+--------+

Top non-repeatable levels by time:
     D:1: 965 daAuts
     D:2: 68 daAuts
